 Dungeon Crawl Stone Soup version 0.30-a0-634-g8abc85282e (webtiles) character file.

Game seed: 4581102982794942115

1736826 bakla the Wrestler (level 27, 471/471 HPs)
             Began as a Troll Artificer on Jan 14, 2023.
             Was the Champion of Wu Jian.
             Escaped with the Orb
             ... and 3 runes!
             The game lasted 02:31:31 (65726 turns).

bakla the Wrestler (Troll Artificer)               Turns: 65726, Time: 02:31:32

Health: 471/471    AC: 24    Str: 38    XL:     27
Magic:  24/28      EV: 10    Int: 20    God:    Wu Jian [******]
Gold:   10121      SH:  0    Dex: 10    Spells: 15/34 levels left

rFire   + + .      SeeInvis .      - Unarmed
rCold   . . .      Faith    .    (shield currently unavailable)
rNeg    + . .      Spirit   +    (body armour currently unavailable)
rPois   +          Reflect  .    (helmet currently unavailable)
rElec   +          Harm     .    (cloak currently unavailable)
rCorr   +          Rampage  .    (gloves unavailable)
Will    ++++.                    (boots unavailable)
Stlth   +                        x - amulet "Uliy" {Spirit rC+ Will++ Int+3}
HPRegen 1.78/turn                O - ring "Callaus" {Drain rElec rN+ rCorr}
MPRegen 0.21/turn                l - ring of the Tortoise {AC+8}

@: dragon-form, wereblooded, flying, studying Necromancy
A: dragon claw, dragon scales, breathe fire, flying, boosted hp, giant,
unfitting armour, (claws 3), regeneration 1, (shaggy fur 1), (tough skin 1),
(horns 1), (iridescent scales 1)
0: Orb of Zot
}: 3/15 runes: decaying, serpentine, silver
a: Breathe Fire, End Transformation, Renounce Religion, Wall Jump, Serpent's
Lash, Heavenly Storm


You escaped.
You worshipped Wu Jian.
Wu Jian was exalted by your worship.
You were a fearsome dragon!
You visited 11 branches of the dungeon, and saw 51 of its levels.
You visited the Abyss 2 times.
You visited 1 bazaar.
You also visited: Bailey and Ice Cave.

You collected 11126 gold pieces.
You spent 1005 gold pieces at shops.

Inventory:

Missiles
 e - 4 throwing nets
 z - 15 curare-tipped darts
Armour
 a - a +2 hat (melded)
 X - a +2 cloak of willpower (melded)
 Y - a +2 robe of the Archmagi (melded)
Jewellery
 l - the ring of the Tortoise (right foreclaw) {AC+8}
   (You found it on level 5 of the Vaults)

   [ring of protection]

   AC:        It affects your AC (+8).
 r - a +6 ring of strength
 t - the ring of the Leaf {rC+ Dex+6}
   (You found it on level 4 of the Dungeon)

   [ring of dexterity]

   Dex:       It affects your dexterity (+6).
   rC:        It protects you from cold.
 x - the amulet "Uliy" (around neck) {Spirit rC+ Will++ Int+3}
   (You took it off a deep elf master archer on level 3 of the Elven Halls)

   [amulet of guardian spirit]

   It causes incoming damage to be divided between your reserves of health and
   magic.
   Int:       It affects your intelligence (+3).
   rC:        It protects you from cold.
   Will:      It greatly increases your willpower.
 y - a ring of protection from cold
 D - a ring of protection from fire
 O - the ring "Callaus" (left foreclaw) {Drain rElec rN+ rCorr}
   (You found it on level 2 of the Snake Pit)

   [ring of positive energy]

   rElec:     It insulates you from electricity.
   rN:        It protects you from negative energy.
   rCorr:     It protects you from acid and corrosion.
   Drain:     It drains your maximum health when unequipped.
 P - the ring of Afriqat {Will+ MP+9 Int+2 SInv}
   (You found it on level 5 of the Vaults)

   [ring of magical power]

   Int:       It affects your intelligence (+2).
   MP:        It affects your magic capacity (+9).
   SInv:      It lets you see invisible.
   Will:      It increases your willpower.
 Q - an amulet of reflection
 R - a ring of flight
 T - a +6 ring of dexterity
 U - a ring of willpower
 W - an amulet of the acrobat
 Z - the ring "Kechob" {Fire rElec rCorr Dex-2 SInv}
   (You took it off a deep elf demonologist on level 3 of the Elven Halls)

   [ring of fire]

   It enhances your fire magic.
   Dex:       It affects your dexterity (-2).
   rF:        It protects you from fire.
   rC:        It makes you vulnerable to cold.
   rElec:     It insulates you from electricity.
   SInv:      It lets you see invisible.
   rCorr:     It protects you from acid and corrosion.
Wands
 k - a wand of digging (20)
 E - a wand of light (19)
 L - a wand of roots (26)
Scrolls
 b - 16 scrolls of immolation
 c - 2 scrolls of silence
 f - 3 scrolls of brand weapon
 j - 21 scrolls of enchant armour
 m - 12 scrolls of poison
 s - 8 scrolls of magic mapping
 v - 24 scrolls of teleportation
 w - 12 scrolls of fog
 H - 5 scrolls of summoning
 I - 8 scrolls of amnesia
 J - 4 scrolls of blinking
 K - 6 scrolls of fear
 V - 4 scrolls of noise
Potions
 g - 34 potions of curing
 h - 13 potions of lignification
 i - 4 potions of might
 n - 7 potions of haste
 o - 5 potions of invisibility
 p - 15 potions of brilliance
 q - 6 potions of attraction
 u - 10 potions of heal wounds
 A - 4 potions of resistance
 B - 8 potions of ambrosia
 C - 10 potions of flight
 F - 6 potions of magic
 G - 8 potions of cancellation
 M - 5 potions of berserk rage
 N - 14 potions of mutation
Miscellaneous
 d - a phial of floods
 S - a phantom mirror


   Skills:
 + Level 25.4 Fighting
 - Level 10.0 Dodging
 - Level 0.3 Stealth
 - Level 10.0 Shields
 - Level 26.9 Unarmed Combat
 - Level 4.0 Spellcasting
 - Level 19.6 Transmutations
 - Level 2.1 Evocations


You had 15 spell levels left.
You knew the following spells:

 Your Spells              Type           Power      Damage    Failure   Level
a - Wereblood             Tmut           70%        N/A       0%          2
b - Blade Hands           Tmut           35%        N/A       1%          5
c - Dragon Form           Tmut           35%        N/A       3%          7
d - Irradiate             Conj/Tmut      21%        3d18      6%          5

Your spell library contained the following spells:

 Spells                   Type           Power      Damage    Failure   Level
 Passwall                 Tmut/Erth      35%        N/A       1%          2
 Ignite Poison            Fire/Tmut/Pois 30%        N/A       2%          3
 Alistair's Intoxication  Tmut/Pois      28%        N/A       6%          5
 Yara's Violent Unravell  Hex/Tmut       21%        3d10      6%          5
 Apportation              Tloc           8%         N/A       13%         1
 Kiss of Death            Conj/Necr      16%        2d6       13%         1
 Magic Dart               Conj           16%        1d3       13%         1
 Sandblast                Erth           8%         2d5       13%         1
 Shock                    Conj/Air       16%        1d4       13%         1
 Slow                     Hex            16%        N/A       13%         1
 Blink                    Tloc           8%         N/A       19%         2
 Call Imp                 Summ           4%         N/A       19%         2
 Cigotuvi's Dreadful Rot  Necr/Pois/Air  8%         N/A       19%         2
 Ensorcelled Hibernation  Hex/Ice        8%         N/A       19%         2
 Poisonous Vapours        Pois/Air       8%         N/A       19%         2
 Scorch                   Fire           8%         2d5       19%         2
 Static Discharge         Conj/Air       8%         2-3/arc   19%         2
 Sublimation of Blood     Necr           4%         N/A       19%         2
 Eringya's Noxious Bog    Tmut/Pois      21%        N/A       34%         6
 Confusing Touch          Hex            4%         N/A       36%         3
 Dazzling Flash           Conj/Hex       8%         N/A       36%         3
 Frozen Ramparts          Ice            8%         1d2       36%         3
 Inner Flame              Hex/Fire       4%         N/A       36%         3
 Mephitic Cloud           Conj/Pois/Air  4%         N/A       36%         3
 Ozocubu's Armour         Ice            4%         N/A       36%         3
 Stone Arrow              Conj/Erth      8%         3d7       36%         3
 Swiftness                Air            4%         N/A       36%         3
 Tukima's Dance           Hex            4%         N/A       36%         3
 Vampiric Draining        Necr           4%         2d6       36%         3
 Vhi's Electric Charge    Tloc/Air       8%         N/A       36%         3
 Airstrike                Air            2%         2d(1-17)  77%         4
 Animate Armour           Summ/Erth      8%         N/A       77%         4
 Animate Dead             Necr           4%         N/A       77%         4
 Cause Fear               Hex            2%         N/A       77%         4
 Dispel Undead            Necr           4%         3d7       77%         4
 Flame Wave               Conj/Fire      4%         2d5       77%         4
 Manifold Assault         Tloc           4%         N/A       77%         4
 Olgreb's Toxic Radiance  Pois           4%         N/A       77%         4
 Passage of Golubria      Tloc           4%         N/A       77%         4
 Sticky Flame             Conj/Fire      4%         2d3       77%         4
 Storm Form               Tmut/Air       21%        N/A       89%         7
 Arcjolt                  Conj/Air       2%         1d12      98%         5
 Borgnjor's Vile Clutch   Necr/Erth      2%         N/A       98%         5
 Freezing Cloud           Conj/Ice/Air   2%         6-21      98%         5
 Lightning Bolt           Conj/Air       2%         1d13      98%         5
 Metabolic Englaciation   Hex/Ice        2%         N/A       98%         5
 Summon Forest            Summ/Tloc      2%         N/A       98%         5
 Summon Mana Viper        Hex/Summ       4%         N/A       98%         5
 Death Channel            Necr           2%         N/A       100%        6
 Iron Shot                Conj/Erth      2%         9d2       100%        6
 Simulacrum               Ice/Necr       2%         N/A       100%        6
 Summon Cactus Giant      Summ           2%         N/A       100%        6
 Orb of Destruction       Conj           2%         9d5       100%        7
 Ozocubu's Refrigeration  Ice            2%         4d7       100%        7
 Summon Hydra             Summ           2%         N/A       100%        7
 Borgnjor's Revivificati  Necr           2%         N/A       100%        8
 Discord                  Hex            2%         N/A       100%        8
 Ignition                 Fire           2%         3d3       100%        8
 Maxwell's Capacitive Co  Air            2%         ∞         100%        8
 Necromutation            Tmut/Necr      21%        N/A       100%        8
 Death's Door             Necr           2%         N/A       100%        9
 Dragon's Call            Summ           2%         N/A       100%        9
 Polar Vortex             Ice            2%         N/A       100%        9


Dungeon Overview and Level Annotations

Branches:
Dungeon (15/15)            Temple (1/1) D:5            Lair (5/5) D:9
  Swamp (4/4) Lair:2        Snake (4/4) Lair:3          Orc (2/2) D:11
    Elf (3/3) Orc:2        Vaults (5/5) D:13          Crypt (3/3) Vaults:3
   Tomb (0/3) Crypt:3      Depths (4/4) D:15            Zot (5/5) Depths:4
 Bailey (visited)           IceCv (visited)
  Slime: Lair:4-5

Altars:
Cheibriados
Dithmenos
Elyvilon
Fedhas
Hepliaklqana
Kikubaaqudgha
Makhleb
Nemelex Xobeh
Okawaru
Qazlal
Sif Muna
Uskayaw
Vehumet
Wu Jian
Xom
Yredelemnul
Zin
The Shining One
Jiyva

Shops:
D:1 (   D:7 *   D:10 *   Orc:1 [   Orc:2 ([[?   Elf:1 :   Elf:3 ?::!
Snake:3 ?   Vaults:4 [   Depths:1 (   Depths:2 (

Portals:
Hell: Depths:1 Depths:2 Depths:3 Depths:4
Abyss: Depths:3 Depths:4
Pandemonium: Depths:2
Ziggurat: Depths:4

Annotations:
Lair:5 exclusions: obsidian statue and 2 oklob plants
Swamp:4 1 runed translucent door, gelatine's ghost, journeyman DsGl


Innate Abilities, Weirdness & Mutations

You are a fearsome dragon!
You have a powerful clawing attack.
Your giant scaled body is strong and resiliant, but less evasive.
You can breathe fire.
You are flying.
Your maximum health is greatly increased.
Your armour is entirely melded.
You are incapable of wielding weapons or throwing items.
You are too large for most types of armour.
((You have claws for hands.))
Your natural rate of healing is unusually fast.
((You are covered in fur. (AC +1)))
((You have tough skin. (AC +1)))
((You have a pair of small horns on your head.))
((You are partially covered in iridescent scales. (AC +2)))


Message History

The Executioner hits you.
The Executioner hits you but does no damage.
The Executioner hits you!
You maul the Executioner!!!!
Your claw misses the Executioner.
The Executioner is almost dead.
The Executioner hits you.
The Executioner hits you but does no damage. x2
You barely miss the Executioner. You tail-slap the Executioner.
Your claw misses the Executioner. You bite the Executioner.
You feel a bit better.
You kill the Executioner!
The Council accepts your kill. The orange demon misses you.
Your life force feels restored.
You maul the cacodemon!!!
You tail-slap the cacodemon, but do no damage.
The cacodemon is severely wounded.
You maul the cacodemon!!!!
You feel a bit better.
You kill the cacodemon!
The Council accepts your kill.
The orange demon stings you but does no damage.
You lunge at the orange demon, in a flurry of attacks.
You maul the orange demon!!!!
You feel a bit better.
You kill the orange demon!
The Council accepts your kill.
You start resting.
An Orb Guardian comes into view.
An Orb Guardian is nearby!
You lunge at the Orb Guardian, in a flurry of attacks.
You maul the Orb Guardian!!!
You claw the Orb Guardian!!
You feel a bit better.
You kill the Orb Guardian!
The Council accepts your kill.
You roar as the wereblood boils in your veins!
You start resting.
You roar as the wereblood boils in your veins!
You start resting.
You roar as the wereblood boils in your veins!
You roar as the wereblood boils in your veins!
There is a staircase leading out of the dungeon here.
You have escaped!

#...# #......
####...# ##.....
#......# ##...#
###.###### #####
#...# ##''##
##.##.## #.##...#
#.##.D.##
#.##....## ##
#.#8####.# #.#
##.......#####.##
######.........#
##..##.####
#....## #.#...#
#..#...#


There were no monsters in sight!

Vanquished Creatures
  3 ancient liches
  3 dread liches
  3 orbs of fire
  Mara (Swamp:4)
  2 juggernauts
  Frederick (Depths:3)
  2 pandemonium lords
  7 Killer Klowns (Zot:5)
  2 caustic shrikes (Depths:2)
  Bai Suzhen (Vaults:3)
  4 curse toes
  7 golden dragons
  5 bone dragons
  A Tzitzimitl (Depths:1)
  3 electric golems
  A shard shrike skeleton (Crypt:3)
  26 Orb Guardians
  Zenata (Elf:3)
  2 liches
  13 tentacled monstrosities
  Rupert (Orc:2)
  10 titans
  2 deep elf blademasters (Elf:3)
  An Executioner (D:1)
  2 deep elf master archers (Elf:3)
  7 quicksilver dragons
  8 ancient champions
  6 death cobs
  4 tentacled starspawn (Abyss:2)
  10 sphinxes
  Kirke (D:15)
  12 shadow dragons
  7 tengu reavers
  10 nagarajas
  A thorn hunter (Swamp:4)
  15 storm dragons
  Donald (Orc:2)
  4 revenants
  2 draconian monks
  7 draconian knights
  12 fire giants
  Louise (D:15)
  13 vault wardens
  16 frost giants
  Aizul (Vaults:2)
  2 draconian scorchers (Zot:5)
  A balrug (D:5)
  3 curse skulls
  4 deep elf sorcerers
  An iron dragon (Depths:3)
  3 deep elf elementalists (Elf:3)
  3 orc warlords
  3 cacodemons
  5 draconian shifters
  4 ghouls
  8 draconian stormcallers
  5 war gargoyles
  13 ironbound preservers
  5 caustic shrike skeletons (Crypt:3)
  A stone giant (shapeshifter) (Depths:3)
  A spriggan defender (Depths:3)
  A reaper (Crypt:2)
  21 stone giants
  A draconian annihilator (Zot:1)
  15 very ugly things
  8 ironbound thunderhulks
  Nessos (D:13)
  12 green draconians
  5 eleionomae
  8 deep elf demonologists
  8 black draconians
  11 vampire knights
  3 deep elf annihilators (Elf:3)
  12 yellow draconians
  21 dire elephants
  7 spark wasps
  A minotaur (shapeshifter) (Elf:3)
  6 purple draconians
  A bunyip (Swamp:3)
  16 red draconians
  7 white draconians
  2 blizzard demons
  5 eidola
  11 ettins
  Snorg (Orc:1)
  Josephine (D:15)
  A crystal guardian (Vaults:4)
  6 deep elf death magi
  16 yaktaur captains
  2 entropy weavers (Vaults:4)
  A shambling mangrove (Swamp:4)
  9 jiangshi
  5 deep elf high priests
  14 fire dragons
  11 ice dragons
  2 quicksilver dragon skeletons (Crypt:3)
  A salamander tyrant (Snake:2)
  10 rakshasas
  13 hydras
  3 peacekeepers
  A ghost crab (Swamp:3)
  An Orb Guardian zombie (Crypt:1)
  6 great orbs of eyes
  39 vault guards
  A hell beast (D:10)
  3 ogre magi
  A hydra (shapeshifter) (Vaults:5)
  Erolcha (Orc:2)
  14 ironbound frosthearts
  A bennu zombie (Crypt:3)
  13 anacondas
  11 two-headed ogres
  8 spriggan air magi
  36 dancing weapons
  5 boulder beetles
  22 centaur warriors
  10 death yaks
  17 deep troll earth magi
  12 naga warriors
  5 naga sharpshooters
  14 deep troll shamans
  10 alligators
  5 vampire magi
  A spectral dire elephant (Lair:5)
  6 tengu warriors
  Urug (D:11)
  18 hell knights
  A shock serpent (shapeshifter) (Depths:1)
  10 spriggan berserkers
  15 deep elf knights
  5 soul eaters
  4 sun demons
  Nergalle (Orc:1)
  8 shock serpents
  3 titan skeletons (Crypt:3)
  2 fire crabs (shapeshifter)
  A wretched star (Abyss:2)
  5 salamander mystics
  A spectral anaconda (Lair:5)
  28 skeletal warriors
  Amaemon (Lair:3)
  Lodul (D:13)
  10 iron trolls
  2 spectral death yaks (Lair:5)
  A death drake (Depths:2)
  2 sixfirhies
  A goliath frog (Swamp:2)
  3 shadow wraiths
  A cherub (Zot:4)
  3 flayed ghosts
  7 sea snakes (Snake:4)
  A shadow demon (Depths:1)
  53 deep trolls
  13 bog bodies
  3 glowing orange brains
  12 swamp dragons
  11 deep elf archers
  5 spriggan druids
  A bunyip skeleton (Crypt:3)
  12 wizards
  A harpy (Vaults:1)
  17 naga ritualists
  20 deep elf zephyrmancers
  9 orc knights
  An anaconda skeleton (Crypt:3)
  16 ironbound convokers
  8 phantasmal warriors
  13 necromancers
  A will-o-the-wisp (Swamp:1)
  A fire giant zombie (Vaults:5)
  An orc sorcerer (Elf:2)
  A stone giant zombie (Crypt:1)
  A mana viper (shapeshifter) (Vaults:5)
  A goliath frog zombie (Crypt:1)
  32 deep elf pyromancers
  5 lindwurms
  41 ugly things
  18 mana vipers
  2 oklob plants (Lair:2)
  2 wolf spiders
  15 salamanders
  4 cyclopes
  A stone giant skeleton (Crypt:3)
  3 manticores
  12 elephants (Lair:5)
  21 moths of wrath
  An ice statue (IceCv)
  51 black mambas
  8 guardian serpents
  A rust devil (Depths:2)
  9 smoke demons
  An iron dragon skeleton (Crypt:3)
  Joseph (Lair:1)
  A guardian serpent (shapeshifter) (Vaults:5)
  12 vault sentinels
  4 centaur skeletons (Crypt:3)
  21 naga magi
  15 cane toads
  A cane toad (shapeshifter) (Elf:1)
  2 gargoyles
  A black draconian zombie (Crypt:3)
  A sea snake zombie (Crypt:1)
  4 orange demons
  A naga skeleton (Crypt:1)
  An unseen horror (D:10)
  2 efreet
  2 hellions
  A rime drake (Lair:1)
  2 tormentors
  A yaktaur (shapeshifter) (D:14)
  3 anaconda simulacra (IceCv)
  A white draconian skeleton (Crypt:1)
  4 komodo dragons
  7 freezing wraiths
  20 yaktaurs
  A purple draconian skeleton (Crypt:2)
  A hydra zombie (Crypt:1)
  15 ice devils
  4 tengu conjurers
  A catoblepas skeleton (Crypt:1)
  3 ancient zymes (Abyss:2)
  6 tyrant leeches
  4 trolls
  9 starcursed masses
  A hellwing (Abyss:2)
  A raiju (shapeshifter) (Vaults:5)
  A tarantella (Vaults:4)
  13 hornets
  7 raiju
  10 blink frogs
  A hornet (shapeshifter) (Vaults:5)
  2 harpy skeletons (Crypt:3)
  A spectral elephant (Lair:5)
  A death drake skeleton (Crypt:3)
  An ettin zombie (Crypt:1)
  An ettin skeleton (Vaults:5)
  A jumping spider (shapeshifter) (D:15)
  31 slime creatures
  A black mamba zombie (Crypt:1)
  13 spriggans
  5 ynoxinuls
  A fire dragon skeleton (Crypt:2)
  5 air elementals
  A wyvern (D:11)
  Sigmund (D:2)
  3 shadows
  A hog (D:15)
  A wyvern (shapeshifter) (Vaults:5)
  2 water elementals
  6 wraiths
  3 fire elementals
  A human (D:13)
  4 basilisks
  38 yaks
  A yak (shapeshifter) (Vaults:3)
  6 golden eyes (Depths:3)
  2 steam dragons
  5 redbacks (Vaults:4)
  3 vampire mosquitoes (D:12)
  Grum (Lair:1)
  4 large abominations
  6 chaos spawn
  2 neqoxecs (Abyss:2)
  5 wargs (Orc:2)
  8 death yak simulacra
  A yaktaur simulacrum (Vaults:5)
  36 nagas
  2 spectral cane toads (Lair:5)
  2 acid dragons
  A water moccasin (shapeshifter) (Vaults:5)
  A two-headed ogre zombie (Crypt:2)
  15 swamp worms
  9 water moccasins
  2 ogre skeletons
  A floating eye (Depths:2)
  3 hydra simulacra (IceCv)
  57 orc warriors
  A glowing shapeshifter skeleton (Vaults:4)
  2 human zombies (Vaults:5)
  An ice beast (D:6)
  A snapping turtle zombie (Crypt:2)
  13 swamp drakes
  3 sky beasts
  A black bear (D:7)
  2 hornet zombies
  15 ogres
  9 small abominations (Abyss:2)
  16 centaurs
  A blink frog skeleton (Crypt:3)
  11 wolves
  2 phantoms
  A dream sheep skeleton (Crypt:3)
  Blork the orc (D:6)
  5 kobold brigands
  A vine stalker zombie (Crypt:3)
  13 bullfrogs
  6 necrophages
  3 scorpions
  5 two-headed ogre simulacra
  2 earth elementals
  A gnoll sergeant (D:9)
  4 cane toad simulacra
  An ogre simulacrum (Vaults:4)
  14 wights
  A raiju zombie (Crypt:2)
  A cyclops skeleton (Crypt:3)
  4 killer bees (D:7)
  7 elephant simulacra
  3 spriggan skeletons
  2 electric eels
  2 howler monkeys
  A crimson imp (Abyss:3)
  A wolf skeleton (Crypt:2)
  A quasit (Abyss:2)
  A gnoll bouda (D:6)
  18 orc priests
  Ijyb (D:3)
  2 hounds
  2 iron imps (Abyss:2)
  A boggart zombie (Crypt:1)
  Natasha (thrice) (D:2)
  3 iguanas
  32 orc wizards
  3 spriggan simulacra
  A troll simulacrum (IceCv)
  A polar bear simulacrum (IceCv)
  6 wolf simulacra
  An acid dragon zombie (Crypt:2)
  A hound zombie (Crypt:3)
  10 gnolls
  7 adders
  2 naga simulacra (IceCv)
  7 white imps
  4 ufetubi
  3 worms
  A dart slug (D:8)
  101 orcs
  A bat zombie (Crypt:1)
  7 endoplasms
  12 goblins
  7 hobgoblins
  6 jackals
  2 quokkas (D:4)
  9 ball pythons
  6 bats
  A frilled lizard (D:2)
  A gnoll skeleton (Crypt:2)
  A gnoll zombie (Crypt:3)
  26 kobolds
  A quokka skeleton (Crypt:2)
  4 rats
2326 creatures vanquished.

Vanquished Creatures (collateral kills)
  A hydra (Swamp:2)
  3 spriggans (Swamp:2)
  An orc knight (Bailey)
  3 hornets (Swamp:2)
  2 orc warriors (Bailey)
  3 orcs (Bailey)
13 creatures vanquished.

Vanquished Creatures (others)
  A ghost moth (Zot:2)
  2 wizards
  A deep elf pyromancer (Elf:1)
  A bloated husk (Swamp:2)
  An orc warrior (Bailey)
  A centaur (Orc:2)
  3 orcs
  A ball lightning (D:5)
  A briar patch (Swamp:4)
  2 foxfires (Swamp:1)
  24 fungi
  12 plants
  8 starspawn tentacles (Abyss:2)
  19 withered plants (Lair:5)
77 creatures vanquished.

Grand Total: 2416 creatures vanquished

Notes
Turn   | Place    | Note
-------+----------+-------------------------------------------
     0 | D:1      | bakla the Troll Artificer began the quest for the Orb.
     0 | D:1      | Reached XP level 1. HP: 18/18 MP: 0/0
    94 | D:1      | Reached skill level 1 in Fighting
    94 | D:1      | Reached skill level 1 in Unarmed Combat
    94 | D:1      | Reached XP level 2. HP: 27/27 MP: 1/1
   303 | D:1      | Found Zuninleu's Weapon Emporium.
   405 | D:1      | Reached skill level 2 in Unarmed Combat
   660 | D:2      | Reached XP level 3. HP: 33/33 MP: 2/2
   665 | D:2      | Noticed Natasha
   678 | D:2      | Killed Natasha
   809 | D:2      | Noticed Sigmund
   824 | D:2      | Killed Sigmund
   825 | D:2      | Reached skill level 4 in Unarmed Combat
   825 | D:2      | Reached XP level 4. HP: 40/44 MP: 3/3
   825 | D:2      | Reached XP level 5. HP: 45/50 MP: 4/4
  1032 | D:2      | Noticed Natasha
  1039 | D:2      | Killed Natasha
  1295 | D:2      | Noticed Natasha
  1300 | D:2      | Killed Natasha
  1301 | D:2      | Reached XP level 6. HP: 59/59 MP: 5/5
  1693 | D:3      | Reached skill level 5 in Unarmed Combat
  1739 | D:3      | Noticed Ijyb
  1751 | D:3      | Killed Ijyb
  1966 | D:3      | Found a faded altar of an unknown god.
  1981 | D:3      | Found a blossoming altar of Fedhas.
  2654 | D:4      | Reached XP level 7. HP: 64/67 MP: 6/6
  2676 | D:4      | Reached skill level 6 in Unarmed Combat
  2799 | D:4      | Found a glowing silver altar of Zin.
  2917 | D:4      | Found a shadowy altar of Dithmenos.
  3050 | D:4      | Found a hazy altar of Hepliaklqana.
  3110 | D:4      | Identified the ring of the Leaf {rC+ Dex+6}
  3114 | D:4      | Identified the +5 ring mail of a Gauntlet {rF+ Dex+4}
  3322 | D:5      | Entered Level 5 of the Dungeon
  3487 | D:5      | Found a staircase to the Ecumenical Temple.
  3497 | Temple   | Entered the Ecumenical Temple
  3510 | Temple   | Became a worshipper of the Wu Jian Council
  3750 | D:5      | Reached skill level 7 in Unarmed Combat
  4178 | D:5      | Reached XP level 8. HP: 55/79 MP: 7/7
  4584 | D:5      | Reached skill level 8 in Unarmed Combat
  4858 | D:6      | Noticed Blork the orc
  4880 | D:5      | Reached skill level 5 in Fighting
  4962 | D:6      | Found an ancient bone altar of Kikubaaqudgha.
  4962 | D:6      | Found a glowing golden altar of the Shining One.
  5039 | D:6      | Killed Blork the orc
  5039 | D:6      | Reached * piety under Wu Jian
  5040 | D:6      | Reached skill level 9 in Unarmed Combat
  5368 | D:7      | Found a flagged portal.
  5387 | D:7      | Identified the +2 leather armour of Brilliance {-Cast
                  | Dex+6}
  5433 | Bailey   | Entered a bailey
  5738 | Bailey   | Reached ** piety under Wu Jian
  5739 | Bailey   | Reached XP level 9. HP: 18/89 MP: 8/8
  6028 | Bailey   | Noticed an orc knight
  6046 | Bailey   | Killed an orc knight
  6047 | Bailey   | Reached skill level 10 in Unarmed Combat
  6211 | D:7      | Found a radiant altar of Vehumet.
  6211 | D:7      | Found a shimmering blue altar of Sif Muna.
  6339 | D:7      | Reached skill level 11 in Unarmed Combat
  6449 | D:7      | Found Ogado's Serpentskin Sales.
  6462 | D:7      | Bought 5 curare-tipped darts for 96 gold pieces
  6636 | D:7      | Reached XP level 10. HP: 100/100 MP: 9/9
  6675 | D:8      | Found a stormy altar of Qazlal.
  6719 | D:8      | Reached *** piety under Wu Jian
  6833 | D:8      | Found a snail-covered altar of Cheibriados.
  7276 | D:9      | Reached skill level 1 in Shields
  7286 | D:9      | Reached skill level 12 in Unarmed Combat
  7332 | D:9      | Found a staircase to the Lair.
  7840 | D:9      | Noticed a two-headed ogre
  7862 | D:9      | Killed a two-headed ogre
  8255 | D:10     | Entered Level 10 of the Dungeon
  8260 | D:10     | Noticed a cyclops
  8356 | D:10     | Reached skill level 13 in Unarmed Combat
  8602 | D:10     | Found a basalt altar of Yredelemnul.
  8676 | D:10     | Found an iron altar of Okawaru.
  8702 | D:10     | Found Yheth's Overcharged Wands.
  8718 | D:10     | Reached **** piety under Wu Jian
  8729 | D:10     | Reached XP level 11. HP: 99/109 MP: 10/10
  9226 | D:10     | Reached skill level 14 in Unarmed Combat
  9376 | D:10     | Reached skill level 5 in Shields
  9402 | D:10     | Identified the +1 pair of boots of Dyspraxia {Int+7}
  9610 | D:11     | Found a staircase to the Orcish Mines.
  9718 | D:11     | Noticed a two-headed ogre
  9732 | D:11     | Killed a two-headed ogre
  9795 | D:11     | Identified the +1 robe "Podyucee" {Harm Str+2}
  9796 | D:11     | Noticed Urug
  9802 | D:11     | Killed Urug
  9891 | D:11     | Noticed a two-headed ogre
  9899 | D:11     | Killed a two-headed ogre
  9900 | D:11     | Reached skill level 15 in Unarmed Combat
 10489 | D:11     | Noticed a two-headed ogre
 10489 | D:11     | Noticed a two-headed ogre
 10495 | D:11     | Killed a two-headed ogre
 10500 | D:11     | Killed a two-headed ogre
 10531 | D:11     | Found the +12 pair of quick blades "Gyre" and "Gimble"
                  | {protect}
 10690 | Lair:1   | Entered Level 1 of the Lair of Beasts
 10735 | Lair:1   | Reached ***** piety under Wu Jian
 10769 | Lair:1   | Reached XP level 12. HP: 118/118 MP: 11/11
 10950 | Lair:1   | Noticed Joseph
 10966 | Lair:1   | Killed Joseph
 10967 | Lair:1   | Reached skill level 16 in Unarmed Combat
 11114 | Lair:1   | Noticed Grum
 11121 | Lair:1   | Killed Grum
 11584 | Lair:2   | Found a staircase to the Swamp.
 11687 | Lair:2   | Found a blossoming altar of Fedhas.
 12223 | Lair:2   | Reached skill level 17 in Unarmed Combat
 12223 | Lair:2   | Reached XP level 13. HP: 124/124 MP: 12/12
 12314 | Lair:3   | Noticed Amaemon
 12742 | Lair:3   | Killed Amaemon
 12935 | Lair:3   | Found a staircase to the Snake Pit.
 13301 | Lair:3   | Reached skill level 18 in Unarmed Combat
 13336 | Lair:3   | HP: 2/124 [death yak (23)]
 13973 | Lair:4   | Reached skill level 10 in Shields
 13988 | Lair:4   | Reached XP level 14. HP: 107/133 MP: 13/13
 13989 | Lair:4   | Reached skill level 19 in Unarmed Combat
 14567 | Lair:5   | Entered Level 5 of the Lair of Beasts
 15174 | Lair:5   | Reached skill level 20 in Unarmed Combat
 15315 | Lair:5   | Reached skill level 1 in Spellcasting
 15650 | Lair:5   | Identified the +6 great mace of Traps {protect, rF+ rC+
                  | Dex+4}
 16121 | Lair:5   | Found a viscous altar of Jiyva.
 16429 | Orc:1    | Entered Level 1 of the Orcish Mines
 16429 | Orc:1    | Noticed Snorg
 16434 | Orc:1    | Killed Snorg
 16435 | Orc:1    | Reached skill level 1 in Transmutations
 16491 | Orc:1    | Found a frozen archway.
 16544 | Orc:1    | Noticed Nergalle
 16556 | Orc:1    | Killed Nergalle
 16574 | Orc:1    | Found Fejetues's Armour Shoppe.
 16593 | IceCv    | Entered an ice cave
 16597 | IceCv    | Reached ****** piety under Wu Jian
 16837 | IceCv    | Learned a level 2 spell: Wereblood
 17090 | IceCv    | Found an ancient bone altar of Kikubaaqudgha.
 17459 | IceCv    | Reached skill level 5 in Transmutations
 18105 | Orc:2    | Entered Level 2 of the Orcish Mines
 18117 | Orc:2    | Noticed Rupert
 18119 | Orc:2    | Reached XP level 15. HP: 134/139 MP: 20/20
 18120 | Orc:2    | Noticed Donald
 18145 | Orc:2    | Killed Rupert
 18145 | Orc:2    | Killed Donald
 18158 | Orc:2    | Noticed Erolcha
 18162 | Orc:2    | Killed Erolcha
 18166 | Orc:2    | Found a staircase to the Elven Halls.
 18168 | Orc:2    | Found a flickering gateway to a bazaar.
 18184 | Bazaar   | Entered a bazaar
 18184 | Bazaar   | Found Najotun's Armour Boutique.
 18184 | Bazaar   | Found Ynat's Antique Weapon Shop.
 18184 | Bazaar   | Found Hufia's Weapon Shop.
 18230 | Orc:2    | Found Apie's Armour Boutique.
 18230 | Orc:2    | Found Rogelaen's Armour Emporium.
 18232 | Orc:2    | Found Ukaet's Magic Scroll Shoppe.
 18234 | Orc:2    | Found Juwi's Antique Weapon Shop.
 18879 | Orc:2    | Bought a scroll of immolation for 64 gold pieces
 18879 | Orc:2    | Bought a scroll of fear for 64 gold pieces
 19885 | D:13     | Noticed Lodul
 19906 | D:13     | Killed Lodul
 20332 | D:13     | Noticed Nessos
 20356 | D:13     | Killed Nessos
 20503 | D:13     | Found a gate to the Vaults.
 20752 | D:14     | Reached skill level 10 in Transmutations
 21050 | D:14     | You fall into a shaft and drop 1 floor!
 21050 | D:15     | Entered Level 15 of the Dungeon
 21200 | D:14     | Identified the +7 rapier of Shame {holy, SInv}
 21680 | D:15     | Noticed Kirke
 21694 | D:15     | Killed Kirke
 21819 | D:15     | Reached XP level 16. HP: 129/149 MP: 21/21
 22017 | D:15     | Noticed Louise
 22033 | D:15     | Killed Louise
 22088 | D:15     | Noticed Josephine
 22097 | D:15     | Killed Josephine
 22158 | D:15     | Found a staircase to the Depths.
 22739 | Swamp:1  | Entered Level 1 of the Swamp
 26004 | Swamp:4  | Entered Level 4 of the Swamp
 26295 | Swamp:4  | Learned a level 5 spell: Blade Hands
 26328 | Swamp:4  | Learned a level 7 spell: Dragon Form
 26353 | Swamp:4  | Found a runed translucent door.
 26353 | Swamp:4  | Found a shimmering altar of Xom.
 26353 | Swamp:4  | Noticed gelatine's ghost (journeyman DsGl)
 26416 | Swamp:4  | Noticed Mara
 26419 | Swamp:4  | Killed Mara
 26420 | Swamp:4  | Reached XP level 17. HP: 82/156 MP: 8/22
 26528 | Swamp:4  | Reached skill level 15 in Transmutations
 26632 | Swamp:4  | Got a decaying rune of Zot
 27029 | Snake:1  | Entered Level 1 of the Snake Pit
 29229 | Snake:2  | Found a blossoming altar of Fedhas.
 29720 | Snake:2  | Identified the ring "Callaus" {Drain rElec rN+ rCorr}
 29874 | Snake:2  | Identified the +8 spear of Emmuob Cuvi {pain, Str+3 SInv
                  | Stlth+}
 30915 | Snake:2  | Reached XP level 18. HP: 147/165 MP: 18/23
 31094 | Snake:3  | Identified the +5 long sword of the Tomato {flame, *Corrode
                  | rN++ Int+3 Dex+3}
 31403 | Snake:3  | Found Afideell's Magic Scroll Shoppe.
 31411 | Snake:3  | Bought a scroll of magic mapping for 90 gold pieces
 31411 | Snake:3  | Bought a scroll of silence for 114 gold pieces
 31411 | Snake:3  | Bought a scroll of blinking for 90 gold pieces
 31411 | Snake:3  | Bought a scroll of magic mapping for 90 gold pieces
 32202 | Snake:4  | Entered Level 4 of the Snake Pit
 34093 | Snake:4  | Got a serpentine rune of Zot
 34441 | Elf:1    | Entered Level 1 of the Elven Halls
 34619 | Elf:1    | Reached XP level 19. HP: 171/171 MP: 24/24
 35161 | Elf:1    | Found Iddy's Book Shop.
 36309 | Elf:2    | Paralysed by an air elemental for 1 turns
 36772 | Elf:2    | Found a runed translucent gate.
 36772 | Elf:2    | Found a runed translucent gate.
 36772 | Elf:2    | Found a runed translucent gate.
 37298 | Elf:3    | Entered Level 3 of the Elven Halls
 37527 | Elf:3    | Found Heuna's Distillery.
 37566 | Elf:3    | Found Poaqer's Book Shop.
 37568 | Elf:3    | Found Cioqango's Book Boutique.
 37851 | Elf:3    | Found Wiupem's Magic Scroll Boutique.
 37854 | Elf:3    | Bought a scroll of teleportation for 63 gold pieces
 37854 | Elf:3    | Bought a scroll of teleportation for 63 gold pieces
 37854 | Elf:3    | Bought a scroll of enchant armour for 157 gold pieces
 37960 | Elf:3    | Paralysed by an air elemental for 1 turns
 38012 | Elf:3    | Noticed Zenata
 38029 | Elf:3    | Reached skill level 5 in Dodging
 38036 | Elf:3    | Killed Zenata
 38230 | Elf:3    | Noticed a Brimstone Fiend
 38287 | Abyss:2  | Found a candlelit altar of Ignis.
 38287 | Abyss:2  | Cast into level 2 of the Abyss (a deep elf demonologist)
 38420 | Abyss:2  | Found a corrupted altar of Lugonu.
 39103 | Elf:3    | Escaped the Abyss
 39151 | Abyss:3  | Cast into level 3 of the Abyss (a deep elf sorcerer)
 39192 | Abyss:3  | Found a corrupted altar of Lugonu.
 39235 | Abyss:3  | Noticed an ancient lich
 39241 | Abyss:3  | Killed an ancient lich
 39261 | Abyss:3  | Noticed a bone dragon
 39261 | Abyss:3  | Noticed a bone dragon
 39267 | Abyss:3  | Killed a bone dragon
 39268 | Abyss:3  | Reached XP level 20. HP: 189/189 MP: 20/25
 39268 | Abyss:3  | Killed a bone dragon
 39278 | Abyss:3  | Paralysed by accursed screaming for 1 turns
 39285 | Elf:3    | Escaped the Abyss
 39420 | Elf:3    | Identified the +0 scale mail of Xauxy {rPois rF- rC- Int+3}
 39420 | Elf:3    | Identified the amulet "Uliy" {Spirit rC+ Will++ Int+3}
 39472 | Elf:3    | Reached skill level 10 in Fighting
 39489 | Elf:3    | Paralysed by an air elemental for 1 turns
 39489 | Elf:3    | Identified the ring "Kechob" {Fire rElec rCorr Dex-2 SInv}
 39518 | Elf:3    | Identified the +9 spear "Appyarch" {heavy, Int+2}
 39519 | Elf:3    | Identified the +9 spear "Esetarph" {venom, Dex+2}
 39803 | Elf:3    | Got Jyegidag's Spellbook of the Icicle
 39851 | Elf:3    | Identified the +4 ring mail of an ossuary {Int+2 Stlth+}
 39886 | Elf:3    | Identified the +4 trident "Qigeudgh" {elec, Will+ rCorr
                  | Dex-2 SInv}
 40330 | Vaults:1 | Entered Level 1 of the Vaults
 40802 | Vaults:1 | Reached skill level 10 in Dodging
 41246 | Vaults:1 | Reached skill level 21 in Unarmed Combat
 41961 | Vaults:2 | Noticed Aizul
 41965 | Vaults:2 | Killed Aizul
 42411 | Vaults:2 | Reached XP level 21. HP: 198/198 MP: 22/26
 42799 | Vaults:2 | Reached skill level 22 in Unarmed Combat
 44041 | Vaults:3 | Reached skill level 23 in Unarmed Combat
 44632 | Vaults:3 | Noticed Bai Suzhen
 44643 | Vaults:3 | Killed Bai Suzhen
 44795 | Vaults:3 | Found a staircase to the Crypt.
 44795 | Vaults:3 | Found a basalt altar of Yredelemnul.
 44796 | Vaults:3 | Found an ancient bone altar of Kikubaaqudgha.
 45020 | Vaults:3 | Learned a level 5 spell: Irradiate
 45184 | Vaults:4 | Found Inwenut's Armour Shoppe.
 45727 | Vaults:4 | Reached skill level 24 in Unarmed Combat
 46225 | Vaults:4 | Reached XP level 22. HP: 206/206 MP: 17/27
 46791 | Vaults:5 | Entered Level 5 of the Vaults
 46796 | Vaults:5 | Reached skill level 25 in Unarmed Combat
 46863 | Vaults:5 | Reached skill level 26 in Unarmed Combat
 46894 | Vaults:5 | Identified the +9 trident of the Telling Firefly {heavy,
                  | Contam rN+ Int+3 Stlth+}
 47013 | Vaults:5 | Noticed an ancient lich
 47020 | Vaults:5 | Killed an ancient lich
 47230 | Vaults:5 | Got a silver rune of Zot
 47241 | Vaults:5 | Noticed a golden dragon
 47246 | Vaults:5 | Killed a golden dragon
 47661 | Vaults:5 | Identified the +1 battleaxe of Law {freeze, Drain rC+++
                  | Int+9}
 47921 | Vaults:5 | Identified the +1 scale mail of the Catamount {rF+ Str+4}
 47930 | Vaults:5 | Identified the +6 acid dragon scales of Dim Light {Drain
                  | rF++ rCorr Str+4 Stlth+}
 48129 | Vaults:5 | Found the ring of the Tortoise {AC+8}
 48129 | Vaults:5 | Identified a scroll of acquirement
 48225 | Vaults:5 | Identified the ring of Afriqat {Will+ MP+9 Int+2 SInv}
 48232 | Vaults:5 | Identified the +1 robe of Xumnelif {Dex+3}
 48253 | Vaults:5 | Acquired 843 gold pieces
 48451 | Vaults:5 | Identified the +0 cloak of the Robin {+Inv}
 48581 | Vaults:5 | Reached XP level 23. HP: 219/219 MP: 17/28
 48646 | Crypt:1  | Entered Level 1 of the Crypt
 51064 | Crypt:3  | Entered Level 3 of the Crypt
 51232 | Crypt:3  | Identified the +9 sling of the Whelk {drain, rC+ Dex+4
                  | Stlth+}
 51400 | Crypt:3  | Identified the +4 morningstar of Autumn {spect, rN+ SInv}
 51666 | Crypt:3  | Found a staircase to the Tomb.
 51768 | Crypt:3  | Noticed a dread lich
 51769 | Crypt:3  | Killed a dread lich
 51828 | Crypt:3  | Got Gloorx Vloq's Spellbook of Maleficent Deeds
 52000 | Crypt:3  | Noticed a curse toe
 52003 | Crypt:3  | Killed a curse toe
 52712 | Crypt:2  | Reached skill level 15 in Fighting
 53030 | Depths:1 | Entered Level 1 of the Depths
 53186 | Depths:1 | Reached XP level 24. HP: 248/248 MP: 22/28
 53519 | Depths:1 | Found Itweaple's Antique Weapon Emporium.
 53594 | Depths:1 | You fall into a shaft and drop 1 floor!
 53697 | Depths:1 | Identified the +4 rapier of Checks and Balances {pain,
                  | rPois Dex+5}
 53860 | Depths:1 | Found a gateway to Hell.
 53927 | Depths:1 | Found a sacrificial altar of Ru.
 53973 | Depths:1 | Found a shimmering altar of Xom.
 53973 | Depths:1 | Found a sparkling altar of Nemelex Xobeh.
 53975 | Depths:1 | Found a shimmering altar of Xom.
 53975 | Depths:1 | Found a burning altar of Makhleb.
 53975 | Depths:1 | Found an ancient bone altar of Kikubaaqudgha.
 54758 | Depths:2 | Found Qeetotz's Firing Range.
 54763 | Depths:2 | Bought a throwing net for 57 gold pieces
 54763 | Depths:2 | Bought a throwing net for 57 gold pieces
 55015 | Depths:2 | Found a one-way gate leading to the halls of Pandemonium.
 55292 | Depths:2 | Noticed a juggernaut
 55296 | Depths:2 | Killed a juggernaut
 55525 | Depths:2 | Got the Cyclopedia of Charmed Arcane Combat
 55617 | Depths:2 | Identified the +6 ring mail "Guos" {Harm rElec Will-
                  | Regen+}
 55996 | Depths:3 | Acquired 802 gold pieces
 56299 | Depths:3 | Reached XP level 25. HP: 270/270 MP: 21/28
 56457 | Depths:3 | Found a one-way gate to the infinite horrors of the Abyss.
 56517 | Depths:3 | Noticed Frederick
 56521 | Depths:3 | Killed Frederick
 57103 | Depths:4 | Entered Level 4 of the Depths
 57158 | Depths:4 | Noticed a juggernaut
 57165 | Depths:4 | Killed a juggernaut
 57825 | Depths:4 | Found a one-way gateway to a ziggurat.
 57884 | Depths:4 | Found a gate to the Realm of Zot.
 58417 | Zot:1    | Entered Level 1 of the Realm of Zot
 59632 | Zot:2    | Noticed an orb of fire
 59636 | Zot:2    | Killed an orb of fire
 60709 | Zot:3    | Reached XP level 26. HP: 293/293 MP: 10/28
 62768 | Zot:4    | Identified the +12 flail of Nyolen {freeze, rElec}
 62863 | Zot:5    | Entered Level 5 of the Realm of Zot
 63078 | Zot:5    | Noticed a dread lich
 63084 | Zot:5    | Killed a dread lich
 63087 | Zot:5    | Noticed a dread lich
 63093 | Zot:5    | Killed a dread lich
 63093 | Zot:5    | Noticed an orb of fire
 63096 | Zot:5    | Gained mutation: You occasionally lose the ability to read
                  | scrolls when taking damage. [an orb of fire]
 63097 | Zot:5    | Killed an orb of fire
 63330 | Zot:5    | Found a transporter.
 63825 | Zot:5    | Noticed an ancient lich
 63833 | Zot:5    | Killed an ancient lich
 63838 | Zot:5    | Noticed an orb of fire
 63842 | Zot:5    | Killed an orb of fire
 64307 | Zot:5    | Got the Orb of Zot
 64342 | Zot:5    | Lost mutation: You occasionally lose the ability to read
                  | scrolls when taking damage. [potion of mutation]
 64342 | Zot:5    | Gained mutation: You have a pair of small horns on your
                  | head. [potion of mutation]
 64342 | Zot:5    | Gained mutation: You are partially covered in iridescent
                  | scales. (AC +2) [potion of mutation]
 64571 | Depths:2 | Noticed Nyuttywk the pandemonium lord
 64575 | Depths:2 | Killed Nyuttywk the pandemonium lord
 64962 | D:5      | Noticed Huydooq the pandemonium lord
 64971 | D:5      | Killed Huydooq the pandemonium lord
 64983 | D:5      | Reached XP level 27. HP: 311/311 MP: 18/28
 65726 | D:$      | Escaped with the Orb!

Illustrated notes

Levels and vault maps discovered:
D:1:      saegor_arrival_simple_e, layout_rooms, serial_shops, shop
D:2:      layout_basic, minmay_close_crescents, uniq_sigmund, uniq_natasha
D:3:      layout_loops_corners, nicolae_overflow_ecumenical_swirl, st_stairs_5,
          kennysheep_donut, minmay_misc_feat_rows, hex_large, uniq_ijyb
D:4:      layout_loops_ring, mainiacjoe_overflow_boulevard,
          nicolae_dithmenos_the_darkroom, mainiacjoe_overflow_catwalk,
          minivault_25
D:5:      layout_basic, temple_hall, serial_aquarium, aquarium_bridge_square
          [aquarium_subvault_wall, aquarium_subvault_bridge,
          aquarium_subvault_balcony, aquarium_subvault_wall], aquarium_window_3,
          aquarium_window_1, aquarium_view_2e, aquarium_view_2d
D:6:      layout_cave_pools, mainiacjoe_overflow_divided_tiny,
          nrook_loot_triangle, uniq_blork_the_orc
D:7:      layout_gridville, gammafunk_temple_overflow_pools, enter_bailey_3,
          guppyfry_shop_venom
D:8:      layout_cave_pools, nicolae_qazlal_scattered_showers,
          kennysheep_slug_shrine
D:9:      minmay_inner_zag, layout_basic, kennysheep_another_room
D:10:     layout_irregular_city, mainiacjoe_overflow_alcove_4,
          mainiacjoe_overflow_tiny_flanked, nicolae_shop_overcharged_wands
D:11:     layout_cave_pods, minmay_orc_entry_temple_small,
          hellmonk_guarded_unrand_gyre_and_gimble, uniq_urug
D:12:     layout_gridville, special_room [special_room_orc],
          chequers_decorated_corner
D:13:     layout_basic, grunt_vaults_entry_fortified, uniq_nessos, uniq_lodul
D:14:     layout_basic
D:15:     grunt_enter_depths_hoard, layout_basic, chequers_arboretum,
          uniq_josephine, uniq_louise, uniq_kirke
Temple:   zaba_magenta_temple
Lair:1:   layout_chaotic_city, beast_lair_carwin_7, uniq_grum, uniq_joseph
Lair:2:   layout_gridlike, skrybe_swamp_entry_bodies, hangedman_tree_tricks
Lair:3:   layout_cave_pods, nicolae_snake_entry_squirm, minivault_23,
          serial_bayou_shore_b, uniq_amaemon
Lair:4:   layout_gridlike, serial_bayou_shore_a
Lair:5:   due_jungle_book, layout_regular_city,
          minmay_slime_entry_oklob_enclosed
Swamp:1:  layout_basic_swamp, evilmike_swamp_ruin_house_2, swamp_pool5,
          infiniplex_staircase_pool
Swamp:2:  layout_basic_swamp, evilmike_swamp_ruin_house_3
Swamp:3:  layout_basic_swamp, evilmike_swamp_ruin_house_4
Swamp:4:  swamp_basic_johnstein, layout_basic_swamp, ebering_ghost_xom,
          uniq_mara
Snake:1:  nicolae_snake_attic_fulla_snakes, layout_chambers,
          nrook_guardian_serpent_double
Snake:2:  layout_basic, basic_altar, nicolae_snake_naga_rites,
          serial_bayou_shore_b
Snake:3:  layout_onion, serial_shops, shop, nicolae_snake_magic_snake_eye
Snake:4:  grunt_snake_rune_pools, layout_onion, drop_trap
Orc:1:    layout_caves, serial_shops, nicolae_shop_behind_doors,
          portal_ice_cave_entry_ice_simulacra, uniq_snorg, uniq_nergalle
Orc:2:    st_orc_rangers, layout_caves, serial_shops, bzr_entry_lakeside,
          nooodl_orcs_dogs, uniq_erolcha, uniq_rupert, uniq_donald
Elf:1:    elf_arrival_001, layout_loops_corners, serial_shops, shop,
          hangedman_elven_crosses_minicolossus
Elf:2:    nicolae_elf_blades_splatter_lattice [nooodl_blade_entry_preview],
          layout_rooms
Elf:3:    elf_hall_gauntlet_wide, layout_geoelf_grid, serial_shops,
          shop_fountains, minivault_26, minmay_shop_star, uniq_zenata
Vaults:1: dpeg_vaults_pockets_of_resistance, v_alt_pattern_6, vaults_room_pool,
          hangedman_vaults_impose, hangedman_vaults_cutoff,
          hangedman_vaults_restitches, hangedman_vaults_maws,
          dpeg_vaults_monster_box, nicolae_vaults_little_squares_6,
          layout_vaults_big_room
Vaults:2: vaults_mumra_hex, ontoclasm_vaults_ring_square, v_pattern_5,
          vaults_room_pool, vaults_room_corners, ontoclasm_vaults_ligature,
          v_misc_25, nicolae_vaults_little_squares_2, v_misc_23,
          vaults_dpeg_encased_lava, nicolae_vaults_specimen_jars,
          layout_vaults_quadrants, uniq_aizul
Vaults:3: ontoclasm_vaults_misaligned, vaults_room_guarded_vault,
          grunt_vaults_bifocal, minmay_crypt_entry_necro_gods,
          ontoclasm_vaults_fault, nicolae_vaults_little_squares_1, v_misc_31,
          ontoclasm_vaults_chip, v_misc_16, nicolae_vaults_shelves_hall,
          nicolae_vaults_what_the_h, v_pattern_2, vaults_room_semicircle,
          layout_vaults_ring, uniq_bai_suzhen
Vaults:4: nicolae_vaults_good_morning_starshine, vaults_mumra_lcd,
          nicolae_vaults_little_ls, nicolae_vaults_three_branches, v_misc_28,
          nicolae_vaults_big_angled_halls, v_rooms_5, ontoclasm_vaults_eye,
          v_alt_pattern_4, ontoclasm_vaults_claustrophobia,
          nicolae_vaults_circle_grid_b, hangedman_vaults_snaps,
          grunt_vaults_hallway_short, layout_vaults_maze, serial_shops, shop
Vaults:5
Crypt:1:  layout_misc_corridors, grunt_megastairs_4
Crypt:2:  layout_gridlike, grunt_megastairs_5
Crypt:3:  due_elkab, layout_chaotic_city, nicolae_tomb_entry_rubble_hallway
Depths:1: minmay_the_grid_octo_tiled_octocenter_mashed
          [minmay_the_grid_octo_concentric,
          minmay_the_grid_octo_vomiting_pacman, minmay_the_grid_octo_clover_2,
          minmay_the_grid_octo_focus, minmay_the_grid_octo_prize_big_c,
          minmay_the_grid_square_5x5_forky,
          minmay_the_grid_square_5x5_three_small,
          minmay_the_grid_square_5x5_three, minmay_the_grid_square_5x5_dogpile],
          layout_basic, serial_bayou_pond_e, hell_entry, serial_shops,
          nicolae_shop_behind_doors, minmay_misc_feat_chi, hex_tiny,
          doesnt_xom_only_xom
Depths:2: lemuel_castle_with_subvaults [lemuel_castle_interior_carwin_2],
          layout_gridlike, grunt_pan_entry_zigzag, hangedman_geh_valley,
          kennysheep_cross_bottleneck, nicolae_shop_firing_range
Depths:3: kennysheep_ogre_elephant_herders, layout_long_grid,
          minmay_misc_feat_four_crosses, hell_entry, abyss_entry,
          infiniplex_staircase_9_rooms, uniq_frederick
Depths:4: grunt_x_marks_the_spot, layout_basic, enter_ziggurat_b, abyss_entry,
          hell_entry, nrook_mini_vaults
Zot:1:    layout_misc_corridors
Zot:2:    layout_misc_corridors
Zot:3:    layout_basic
Zot:4:    layout_basic
Zot:5:    layout_misc_corridors, grunt_ministairs_10, st_stairs_6,
          nicolae_diode_basic

Skill      XL: |  1  2  3  4  5  6  7  8  9 10 11 12 13 14 15 16 17 18 19 20 21 22 23 24 25 26 |
---------------+-------------------------------------------------------------------------------+-----
Fighting       | 1 2 3 4 5 6 7 9 10 11 15 19 22 25 | 25.4
Unarmed Combat | 1 2 4 5 7 9 11 13 15 17 18 20 21 24 26 | 26.9
Shields        | 4 7 9 10 | 10.0
Spellcasting   | 4 |  4.0
Transmutations | 5 11 14 16 19 | 19.6
Dodging        | 6 10 | 10.0
Stealth        | |  0.3
Evocations     | |  2.1

Action                   |  1- 3 |  4- 6 |  7- 9 | 10-12 | 13-15 | 16-18 | 19-21 | 22-24 | 25-27 || total
-------------------------+-------+-------+-------+-------+-------+-------+-------+-------+-------++-------
Melee: Unarmed           |    64 |   116 |   311 |   472 |  1258 |  1139 |   915 |   934 |   588 ||  5797
       Punch             |       |     2 |    14 |    20 |       |    86 |   115 |   156 |   110 ||   503
       Bite              |       |       |       |       |       |    33 |   102 |   118 |    79 ||   332
       Tailslap          |       |       |       |       |       |    25 |   131 |   163 |   128 ||   447
Throw: Dart              |       |     1 |     2 |    13 |    31 |     4 |       |       |       ||    51
 Cast: Wereblood         |       |       |       |       |    15 |    25 |    29 |    40 |    55 ||   164
       Blade Hands       |       |       |       |       |       |    39 |       |       |       ||    39
       Dragon Form       |       |       |       |       |       |    24 |    98 |    80 |    66 ||   268
Invok: Lunge             |       |       |    39 |    40 |   114 |   104 |   147 |   156 |    85 ||   685
       Whirlwind         |       |       |    25 |    87 |   335 |   221 |   181 |   210 |    97 ||  1156
       Serpent's Lash    |       |       |       |     1 |    17 |    19 |    10 |     4 |    13 ||    64
       Heavenly Storm    |       |       |       |       |     1 |     1 |     1 |     1 |     1 ||     5
 Abil: Breathe Fire      |       |       |       |       |       |       |     2 |       |       ||     2
Evoke: Wand              |    10 |     4 |    17 |    10 |    12 |    18 |       |       |     3 ||    74
       Phantom mirror    |       |       |       |       |     1 |       |       |       |       ||     1
  Use: Scroll            |       |     6 |    11 |    14 |     6 |     3 |     2 |     6 |     6 ||    54
       Potion            |       |       |     2 |     2 |     6 |     6 |     2 |     3 |     5 ||    26
 Stab: Sleeping          |     1 |     1 |     1 |     5 |     1 |     1 |     4 |       |       ||    14
       Distracted        |       |       |     2 |     1 |       |     1 |     1 |       |       ||     5
       Betrayed ally     |       |       |     1 |       |       |       |       |       |       ||     1
       Invisible         |       |       |       |       |     3 |       |       |       |       ||     3
Armor: Robe              |    22 |    25 |    53 |    15 |       |       |     3 |    10 |    15 ||   143
       Acid dragon scale |       |       |       |    80 |       |    28 |       |       |       ||   108
       Troll leather arm |       |       |       |    17 |   139 |    15 |       |       |       ||   171
       Swamp dragon scal |       |       |       |       |       |   107 |       |       |       ||   107
       Skin              |       |       |       |       |       |    75 |   180 |   201 |   137 ||   593
Dodge: Dodged            |    40 |    39 |   106 |   103 |   307 |   405 |   188 |   168 |   110 ||  1466
Block: Tower shield      |       |       |       |   148 |   689 |   294 |       |       |       ||  1131
       Kite shield       |       |       |       |       |    24 |    26 |       |       |       ||    50
       Reflection        |       |       |       |       |     8 |     9 |     5 |       |       ||    22
       Other             |       |       |       |       |       |    62 |    21 |       |       ||    83

Table legend: (Time is in decaauts)
 A = Elapsed time spent in this place.
 B = Non-inter-level travel time spent in this place.
 C = Inter-level travel time spent in this place.
 D = Time resting spent in this place.
 E = Time spent auto-exploring this place.
 F = Levels seen in this place.
 G = Mean time per level.
                   A        B        C        D        E       F      G
               +--------+--------+--------+--------+--------+-----+--------+
         Total |  64949 |  61361 |   3588 |  10021 |  38106 |  56 | 1159.8 |
       Dungeon |  15027 |  13626 |   1401 |   2007 |   8358 |  15 | 1001.8 |
        Temple |     26 |     13 |     13 |      0 |      6 |   1 |   26.0 |
          Lair |   5741 |   5436 |    305 |    974 |   3271 |   5 | 1148.2 |
         Swamp |   4230 |   4138 |     92 |   1332 |   1880 |   4 | 1057.5 |
     Snake Pit |   7158 |   6972 |    186 |   1497 |   4394 |   4 | 1789.5 |
  Orcish Mines |   1341 |   1168 |    173 |     54 |    675 |   2 |  670.5 |
   Elven Halls |   4736 |   4415 |    321 |    242 |   3037 |   3 | 1578.7 |
        Vaults |   8277 |   7887 |    390 |    494 |   6084 |   5 | 1655.4 |
         Crypt |   4084 |   3887 |    197 |    257 |   2864 |   3 | 1361.3 |
        Depths |   5727 |   5479 |    248 |    799 |   3702 |   4 | 1431.8 |
           Zot |   5766 |   5508 |    258 |   1288 |   3056 |   5 | 1153.2 |
         Abyss |    923 |    923 |      0 |      0 |    576 |   2 |  461.5 |
        Bazaar |     11 |     11 |      0 |      0 |      0 |   1 |   11.0 |
        Bailey |    701 |    701 |      0 |    414 |     31 |   1 |  701.0 |
      Ice Cave |   1196 |   1196 |      0 |    663 |    171 |   1 | 1196.0 |
               +--------+--------+--------+--------+--------+-----+--------+

Top non-repeatable levels by time:
 Snake:1: 2114 daAuts
 Snake:4: 2006 daAuts
   Elf:3: 1854 daAuts
 Snake:2: 1827 daAuts
Vaults:5: 1744 daAuts
Depths:3: 1705 daAuts
Vaults:4: 1694 daAuts
  Lair:5: 1689 daAuts
 Swamp:1: 1638 daAuts
Vaults:2: 1633 daAuts
   Elf:1: 1632 daAuts
Vaults:1: 1603 daAuts
Vaults:3: 1602 daAuts
 Crypt:3: 1588 daAuts
     D:5: 1509 daAuts
